 Dungeon Crawl Stone Soup version 0.20.0-15-g7f486f2 (webtiles) character file.

32 Trendyboy the Charlatan (level 3, 0/26 HPs)
             Began as a Vampire Artificer on July 2, 2017.
             Slain by a dart slug (1 damage)
             ... on level 2 of the Dungeon.
             The game lasted 00:12:38 (971 turns).

Trendyboy the Charlatan (Vampire Artificer)          Turns: 971, Time: 00:12:39

Health: 0/26       AC:  3    Str: 12    XL:     3   Next: 8%
Magic:  5/5        EV: 12    Int: 13    God:
Gold:   29         SH:  0    Dex: 14    Spells: 2/2 levels left

rFire    . . .     SeeInvis +   a - +0 short sword
rCold    . . .     Gourm    .   (no shield)
rNeg     . . .     Faith    .   b - +0 leather armour
rPois    .         Spirit   .   (no helmet)
rElec    .         Reflect  .   (no cloak)
rCorr    .         Harm     .   (no gloves)
MR       .....                  (no boots)
Stlth    ++........             (no amulet)
Regen    0.3/turn               c - ring of wizardry
MPRegen  0.1/turn               (no ring)

@: regenerating quickly
A: fangs 3, see invisible, unbreathing
a: no special abilities


You were on level 2 of the Dungeon.
You were full.

You visited 1 branch of the dungeon, and saw 2 of its levels.

You collected 29 gold pieces.

Inventory:

Hand Weapons
 a - a +0 short sword (weapon)
Armour
 b - a +0 leather armour (worn)
 k - a +0 ring mail
 p - a cursed +0 buckler
Jewellery
 c - a ring of wizardry (left hand)
 r - an uncursed ring of wizardry
Wands
 d - a wand of enslavement (15/24)
 e - a wand of random effects (15/48)
Scrolls
 g - a scroll of amnesia {unknown}
 m - 2 scrolls of recharging {unknown}
 n - 3 scrolls of identify
 q - a scroll of enchant weapon {unknown}
Potions
 f - a potion of blood
 h - a potion of lignification {unknown}
 j - a potion of agility {unknown}
 l - a potion of might {unknown}
 o - 3 potions of curing {unknown}


   Skills:
 + Level 1.6 Fighting
 + Level 1.4 Short Blades
 + Level 2.5 Dodging
 - Level 2.0 Stealth
 + Level 3.1 Evocations


You had 2 spell levels left.
You didn't know any spells.

Dungeon Overview and Level Annotations

Branches:
Dungeon (2/15)

Altars:

Annotations:
D:2 Terence


Innate Abilities, Weirdness & Mutations

Your natural rate of healing is unusually fast.
You have razor-sharp teeth.
You have supernaturally acute eyesight. (SInv)
You can survive without breathing.


Message History

You hit Terence but do no damage. Terence hits you but does no damage.
You hit Terence but do no damage. Terence hits you with a flail.
You barely miss Terence. Terence hits you with a flail!
* * * LOW HITPOINT WARNING * * *
You barely miss Terence. The dart slug launches a dart at you.
The slug dart hits you!
* * * LOW HITPOINT WARNING * * *
You are too injured to fight recklessly!
You are too injured to fight recklessly!
You are too injured to fight recklessly!
You are too injured to fight recklessly!
You are too injured to fight recklessly!
You are too injured to fight recklessly!
You are too injured to fight recklessly!
You hit Terence but do no damage. Terence hits you but does no damage.
You are too injured to fight recklessly!
You are too injured to fight recklessly!
You barely miss Terence. Terence closely misses you. The dart slug bites you.
You die...

#....# . ....# .
......#....# .# #
......#....##.#..
...............
........#....
w..w....#..#
......#.#..# #
.....>..#@@#..#
........w....(#
#.........(..(...
##...###.#.#.....
.... ....#.....
##. ##.#.# .... #
#.#.# .... #...#
#.# ##..#


You could see Terence and a dart slug.

Vanquished Creatures
  An ooze (D:1)
  2 dart slugs (D:1)
  A giant cockroach (D:1)
  4 goblins (D:1)
  3 hobgoblins (D:1)
  3 bats (D:1)
  4 frilled lizards (D:1)
  4 kobolds
  3 rats
25 creatures vanquished.

Notes
Turn   | Place    | Note
-------+----------+-------------------------------------------
     0 | D:1      | Trendyboy the Vampire Artificer began the quest for the Orb.
     0 | D:1      | Reached XP level 1. HP: 14/14 MP: 2/2
   160 | D:1      | Reached skill level 3 in Evocations
   275 | D:1      | Reached skill level 1 in Fighting
   278 | D:1      | Reached XP level 2. HP: 7/21 MP: 4/4
   813 | D:1      | Reached XP level 3. HP: 21/26 MP: 5/5
   876 | D:2      | Noticed Terence
   969 | D:2      | HP: 1/26 [dart slug/slug dart (4)]
   971 | D:2      | Slain by a dart slug

Skill      XL: |  1 |
---------------+----+-----
Stealth        | 2 |  2.0
Evocations     | 3 |  3.1
Fighting       | 1 |  1.6
Short Blades   | |  1.4
Dodging        | |  2.5

Action                   || total
-------------------------++-------
Melee: Short sword       ||    79
       Bite              ||     3
  Use: Scroll            ||     2
 Stab: Sleeping          ||     3
  Eat: Corpse            ||     5
Armor: Leather armour    ||    11
Dodge: Dodged            ||    43
